 Dungeon Crawl Stone Soup version 0.29.1-2-gbd0b4ee654 (webtiles) character file.

Game seed: 2215489706988534259

2541 GorkyZ the Trooper (level 9, -4/55 HPs)
             Began as a Gargoyle Fighter on Nov 22, 2022.
             Was an Initiate of Gozag.
             Slain by a killer bee (6 damage)
             ... on level 6 of the Dungeon.
             The game lasted 00:17:07 (5024 turns).

GorkyZ the Trooper (Gargoyle Fighter)               Turns: 5024, Time: 00:17:21

Health: -4/55      AC: 16    Str: 25    XL:     9   Next: 55%
Magic:  9/9        EV: 10    Int:  8    God:    Gozag
Gold:   213        SH:  5    Dex:  9    Spells: 8/8 levels left

rFire   . . .      SeeInvis .   a - +0 war axe
rCold   . . .      Faith    .   c - +0 buckler
rNeg    + . .      Spirit   .   b - +0 scale mail
rPois   ∞          Reflect  .   l - +0 helmet
rElec   +          Harm     .   t - +0 cloak
rCorr   .          Rampage  .   (no gloves)
Will    .....                   (no boots)
Stlth   ..........              (no amulet)
HPRegen 0.18/turn               (no ring)
MPRegen 0.11/turn               (no ring)

@: gold aura
A: sickness immunity, AC +6, negative energy resistance 1, electricity
resistance, torment resistance 1, petrification resistance
a: Renounce Religion, Potion Petition, Call Merchant, Bribe Branch


You were on level 6 of the Dungeon.
You worshipped Gozag.
Gozag was aware of your devotion.
You visited 1 branch of the dungeon, and saw 6 of its levels.
You also visited: Ossuary.

You collected 274 gold pieces.
You paid 61 gold pieces to Gozag.

Inventory:

Hand Weapons
 a - a +0 war axe (weapon)
 v - the +8 trident "Suforoiz" {speed, rC+}
   (You found it on level 3 of the Dungeon)

   Attacks with this weapon are significantly faster.
   rC:        It protects you from cold.
 y - a +3 hand axe
 I - a +0 club
 L - a +3 hand axe
Missiles
 z - 10 boomerangs
 O - 6 curare-tipped darts
Armour
 b - a +0 scale mail (worn)
 c - a +0 buckler (worn)
 l - a +0 helmet (worn)
 s - a +2 barding
 t - a +0 cloak (worn)
 J - a +2 leather armour of willpower
 K - a +3 leather armour of fire resistance
Jewellery
 u - an amulet of faith
Wands
 F - a wand of quicksilver (16)
 H - a wand of paralysis (1) (quivered)
Scrolls
 e - a scroll of enchant weapon {unknown}
 f - 6 scrolls of identify {unknown}
 g - a scroll of acquirement {unknown}
 h - a scroll of noise {unknown}
 j - 2 scrolls of teleportation {unknown}
 k - a scroll of amnesia {unknown}
 m - 3 scrolls of magic mapping {unknown}
 p - a scroll of summoning {unknown}
 q - a scroll of silence {unknown}
 r - 2 scrolls of blinking {unknown}
 D - 2 scrolls of poison {unknown}
 E - 3 scrolls of fog {unknown}
 M - a scroll of immolation {unknown}
 N - a scroll of vulnerability {unknown}
Potions
 d - a potion of might
 i - 5 potions of curing {unknown}
 n - 2 potions of resistance {unknown}
 o - 2 potions of flight {unknown}
 w - 4 potions of berserk rage {unknown}
 x - a potion of mutation {unknown}
 A - a potion of heal wounds {unknown}
 B - a potion of degeneration {unknown}
 C - a potion of attraction {unknown}
 G - a potion of cancellation {unknown}
 P - a potion of brilliance {unknown}


   Skills:
 + Level 6.1 Fighting
 + Level 4.3(5.0) Axes
 + Level 3.4(4.5) Polearms
 + Level 3.7 Throwing
 + Level 5.8 Armour
 + Level 3.4 Dodging
 + Level 6.0 Shields
 + Level 3.8 Evocations


You had 8 spell levels left.
You didn't know any spells.
Your spell library contained the following spells:

 Spells                   Type           Power      Damage    Failure   Level
 Apportation              Tloc           0%         N/A       77%         1
 Alistair's Intoxication  Tmut/Pois      0%         N/A       100%        5


Dungeon Overview and Level Annotations

Branches:
Dungeon (6/15)            Ossuary (visited)
 Temple: D:4-7

Altars:
Gozag
Okawaru
Trog
Uskayaw
Wu Jian

Shops:
D:5 =


Innate Abilities, Weirdness & Mutations

You are immune to sickness and miasma.
Your stone body is resilient. (AC +6)
You are immune to poison.
You resist negative energy. (rN+)
You are resistant to electric shocks. (rElec)
You are resistant to unholy torment.
You are immune to petrification.


Message History

The killer bee is heavily wounded.
You hit the killer bee. You closely miss the iguana. You slash the killer bee!
You block the killer bee's attack. The killer bee stings you.
* * * LOW HITPOINT WARNING * * *
The killer bee stings you but does no damage.
The killer bee barely misses you. x2
The killer bee stings you but does no damage.
The iguana bites you.
* * * LOW HITPOINT WARNING * * *
The killer bee stings you but does no damage. x2
You block the killer bee's attack.
You slash the killer bee!
You kill the killer bee!
You closely miss the killer bee. You slash the killer bee!
You slash the iguana!
The killer bee stings you but does no damage.
The killer bee misses you.
The iguana bites you but does no damage.
The killer bee completely misses you. The killer bee barely misses you.
You slash the iguana!
You kill the iguana!
You closely miss the killer bee.
You hit the killer bee but do no damage.
The killer bee stings you but does no damage.
You block the killer bee's attack.
The killer bee stings you but does no damage. x4
You closely miss the killer bee.
The killer bee is severely wounded.
You barely miss the killer bee. The killer bee closely misses you.
The killer bee misses you.
The killer bee stings you but does no damage. x2
You closely miss the killer bee.
The killer bee is severely wounded.
You miss the killer bee. The killer bee closely misses you.
The killer bee stings you but does no damage. x3
The killer bee stings you.
* * * LOW HITPOINT WARNING * * *
The killer bee stings you.
You die...
Your body crumbles into a pile of gold.

##### .....
......$ .....
###########.....
.......@y...#
......$$y...#
............+
........$$..#
.########..<.#
.......
≈._.≈≈≈.#
.≈...≈.§.#
§§≈.≈≈§§§#


You could see 2 killer bees.

Vanquished Creatures
  Pikel (D:5)
  Sigmund (D:4)
  Eustachio (D:5)
  Menkaure (D:5)
  A centaur (D:5)
  A lemure (D:5)
  3 elf zombies (Ossuary)
  4 scorpions
  3 killer bees (D:6)
  5 centaur zombies (Ossuary)
  A gnoll bouda (D:5)
  4 human zombies (Ossuary)
  4 orc priests (D:4)
  3 hounds
  2 jellies (D:5)
  3 iguanas
  Natasha (thrice) (D:3)
  2 orc wizards (D:4)
  Ijyb (D:4)
  3 mummies (Ossuary)
  4 gnolls (D:5)
  4 adders
  A shadow imp (D:5)
  An ufetubus (D:5)
  3 worms
  9 orcs
  6 ball pythons
  7 bats
  8 endoplasms
  5 giant cockroaches
  10 goblins
  8 hobgoblins
  3 quokkas
  3 frilled lizards
  5 kobolds
  5 rats
  3 bushes (D:3)
132 creatures vanquished.

Vanquished Creatures (others)
  A wizard (D:3)
1 creature vanquished.

Grand Total: 133 creatures vanquished

Notes
Turn   | Place    | Note
-------+----------+-------------------------------------------
     0 | D:1      | GorkyZ the Gargoyle Fighter began the quest for the Orb.
     0 | D:1      | Reached XP level 1. HP: 14/14 MP: 1/1
   142 | D:1      | Reached XP level 2. HP: 19/19 MP: 2/2
   604 | D:1      | Reached XP level 3. HP: 22/23 MP: 3/3
  1063 | D:2      | Reached skill level 1 in Evocations
  1537 | D:2      | Reached XP level 4. HP: 26/28 MP: 4/4
  1578 | D:2      | Found a faded altar of an unknown god.
  1756 | D:3      | Noticed Natasha
  1766 | D:3      | Killed Natasha
  1767 | D:3      | Reached skill level 1 in Throwing
  1827 | D:3      | Identified the +8 trident "Suforoiz" {speed, rC+}
  1858 | D:3      | Noticed a scorpion
  1866 | D:3      | Killed a scorpion
  1867 | D:3      | Reached skill level 1 in Dodging
  1867 | D:3      | Reached XP level 5. HP: 33/33 MP: 5/5
  1972 | D:3      | Found an iron altar of Okawaru.
  2024 | D:3      | Found a bloodstained altar of Trog.
  2026 | D:3      | Noticed a wizard
  2031 | D:3      | Killed a wizard
  2146 | D:3      | Noticed Natasha
  2162 | D:3      | Killed Natasha
  2451 | D:3      | Noticed Natasha
  2455 | D:3      | Killed Natasha
  2456 | D:3      | Reached XP level 6. HP: 38/38 MP: 6/6
  2648 | D:4      | Reached skill level 1 in Polearms
  2942 | D:4      | Noticed Sigmund
  2956 | D:4      | Killed Sigmund
  2957 | D:4      | Reached XP level 7. HP: 33/44 MP: 7/7
  3034 | D:4      | Found a sand-covered staircase.
  3040 | Ossuary  | Entered an ossuary
  3149 | Ossuary  | Reached XP level 8. HP: 45/48 MP: 8/8
  3211 | Ossuary  | Reached skill level 5 in Fighting
  3220 | Ossuary  | Reached skill level 5 in Shields
  3419 | D:4      | Reached skill level 5 in Armour
  3852 | D:4      | Noticed Ijyb
  3866 | D:4      | Killed Ijyb
  3966 | D:5      | Entered Level 5 of the Dungeon
  3994 | D:5      | Noticed Eustachio
  4010 | D:5      | Killed Eustachio
  4038 | D:5      | Found an opulent altar of Gozag.
  4045 | D:5      | Became a worshipper of Gozag Ym Sagoz the Greedy
  4233 | D:5      | Reached XP level 9. HP: 47/54 MP: 9/9
  4293 | D:5      | Noticed Menkaure
  4296 | D:5      | Killed Menkaure
  4649 | D:5      | Found Haguti's Jewellery Emporium.
  4722 | D:5      | Noticed Pikel
  4767 | D:5      | Killed Pikel
  4887 | D:5      | Found a hide-covered altar of Uskayaw.
  4995 | D:6      | Found an ornate altar of the Wu Jian Council.
  5024 | D:6      | HP: 2/55 [killer bee (5)]
  5024 | D:6      | Slain by a killer bee

Illustrated notes

Levels and vault maps discovered:
D:1:      minmay_arrival_arboretum_small, layout_basic
D:2:      layout_loops_ring, shapermc_ecumenical_altar_venn, grunt_decor_cap,
          chequers_serial_rivers_room_b
D:3:      layout_basic, okawaru_ov_weapons_minmay, trog_wizard,
          minmay_hedge_maze, chequers_garden, nicolae_titane, uniq_natasha
D:4:      layout_loops_ring, enter_ossuary_5, uniq_sigmund, uniq_ijyb
D:5:      layout_basic, kennysheep_little_box, grunt_gozag_statues,
          serial_shops, shop, minivault_24, kennysheep_another_room,
          nrook_mini_backslash, uniq_pikel, uniq_eustachio, uniq_menkaure
D:6:      layout_gridville, mainiacjoe_overflow_alcove_4,
          grunt_temple_overflow_growth_and_decay,
          mainiacjoe_overflow_large_starburst, dk_noncrumbling_3,
          minmay_misc_feat_rows, grunt_decor_mini_mirrors

Skill      XL: |  1  2  3  4  5  6  7  8  9 |
---------------+----------------------------+-----
Axes           | 2 3 4 |  4.3
Evocations     | 1 2 3 |  3.8
Throwing       | 1 2 3 |  3.7
Dodging        | 1 2 3 |  3.4
Shields        | 4 5 6 |  6.0
Fighting       | 4 5 6 |  6.1
Armour         | 4 5 |  5.8
Polearms       | 1 2 3 |  3.4

Action                   |  1- 3 |  4- 6 |  7- 9 || total
-------------------------+-------+-------+-------++-------
Melee: War axe           |    87 |    18 |     6 ||   111
       Trident           |       |   174 |   255 ||   429
Evoke: Wand              |       |       |     2 ||     2
Armor: Scale mail        |    55 |    32 |   153 ||   240
Dodge: Dodged            |    44 |    30 |   109 ||   183
Block: Buckler           |    16 |    10 |    46 ||    72
